[Event "Titled Tuesday Blitz November 15 Late 2022"]
[White "Rasulov, Vugar"]
[Black "Barria Zuniga, Daniel"]
[WhiteFideId "13402390"]
[BlackFideId "3400816"]
[WhiteElo "2509"]
[BlackElo "2414"]
[Result "1-0"]
[Round "07"]
[TimeControl "180+1"]
[Date "2022.11.16"]
[WhiteClock "0:02:33"]
[BlackClock "0:00:21"]

1. g3 d5 2. Bg2 e6 3. c4 Nf6 4. Nf3 Be7 5. O-O O-O 6. d4 dxc4 7. Nc3 Nc6 8. Bg5 Rb8 9. a4 b6 10. e4 Na5 11. h4 Bb7 12. Re1 h6 13. Bxf6 Bxf6 14. Qc2 Nb3 15. Rad1 Nxd4 16. Nxd4 Bxd4 17. Nb5 c5 18. Nxa7 Qc7 19. Nb5 Qe5 20. Kh2 Ba6 21. f4 Qf6 22. e5 Qe7 23. Nxd4 cxd4 24. Rxd4 Rfd8 25. Red1 Rxd4 26. Rxd4 Rd8 27. Qd2 Rxd4 28. Qxd4 Qb4 29. h5 Qxa4 30. Qd8+ Kh7 31. Be4+ g6 32. hxg6+ fxg6 33. Qe7+ Kg8 34. Qxe6+ Kf8 35. Qd6+ Kg8 36. Bd5+ Kg7 37. Qe7+ Kh8 38. Qf8+ Kh7 39. Qg8# 1-0


[Site "https://www.chess.com"]

[Event "Titled Tuesday Blitz November 15 Late 2022"]
[White "Reprintsev, Alexander"]
[Black "Quirke, Jeffrey"]
[WhiteFideId "14100541"]
[BlackFideId "2013029"]
[WhiteElo "2230"]
[BlackElo "2226"]
[Result "0-1"]
[Round "07"]
[TimeControl "180+1"]
[Date "2022.11.16"]
[WhiteClock "0:00:28"]
[BlackClock "0:00:36"]

1. e4 c5 2. b3 Nc6 3. Bb2 e5 4. f4 exf4 5. Qf3 Qh4+ 6. g3 fxg3 7. hxg3 Qg5 8. Rh5 Qg6 9. Bh3 d5 10. Bf5 Bxf5 11. exf5 Qd6 12. f6 Nxf6 13. Bxf6 gxf6 14. Rxd5 Qe6+ 15. Ne2 Nd4 16. Rxd4 cxd4 17. Qxb7 Rd8 18. Qb5+ Qd7 19. Nxd4 Bd6 20. Qxd7+ Rxd7 21. Nf5 Be5 22. Nc3 Rg8 23. O-O-O Bxc3 24. dxc3 Rxd1+ 25. Kxd1 Rg5 26. Nd6+ Ke7 27. Nc8+ Ke6 28. Nxa7 Rxg3 29. c4 h5 30. Nc6 h4 31. Nd4+ Kd7 32. Ne2 Rg4 0-1


[Site "https://www.chess.com"]

[Event "Titled Tuesday Blitz November 15 Late 2022"]
[White "Riehle, Marco"]
[Black "Saveliev, Alexei"]
[WhiteFideId "12904392"]
[BlackFideId "24128546"]
[WhiteElo "2462"]
[BlackElo "2290"]
[Result "1-0"]
[Round "07"]
[TimeControl "180+1"]
[Date "2022.11.15"]
[WhiteClock "0:00:38"]
[BlackClock "0:00:06"]

1. e4 g6 2. d4 Bg7 3. c4 d6 4. Nc3 Nc6 5. Be3 e5 6. d5 Nce7 7. g4 f5 8. gxf5 gxf5 9. Qh5+ Kf8 10. exf5 Nf6 11. Qe2 Bxf5 12. Bh3 Qd7 13. Bxf5 Qxf5 14. O-O-O a6 15. Nf3 h6 16. Rhg1 Kf7 17. Rg2 Rag8 18. Rdg1 Bf8 19. Nd2 Rxg2 20. Rxg2 Rg8 21. Rxg8 Kxg8 22. b4 Ng6 23. Kb2 Bg7 24. f3 Nf4 25. Bxf4 exf4 26. Kb3 Kf7 27. a4 c6 28. Nde4 Nxe4 29. Nxe4 Qe5 30. dxc6 bxc6 31. Qd2 d5 32. cxd5 cxd5 33. Nc5 Kg6 34. Nxa6 Qa1 35. a5 Qf1 36. Nc5 Qxf3+ 37. Qd3+ Qxd3+ 38. Nxd3 f3 39. b5 Kf5 40. b6 Ke4 41. Nf2+ Ke3 42. b7 Be5 43. Ng4+ Ke2 44. Nxe5 f2 45. b8=Q f1=Q 46. Qb5+ Ke1 47. Qxf1+ Kxf1 48. a6 1-0


[Site "https://www.chess.com"]

[Event "Titled Tuesday Blitz November 15 Late 2022"]
[White "Rodriguez Fontecha, Marcos"]
[Black "Rodriguez Santiago, Jaime"]
[WhiteFideId "2256576"]
[BlackFideId "3100898"]
[WhiteElo "2263"]
[BlackElo "2025"]
[Result "1-0"]
[Round "07"]
[TimeControl "180+1"]
[Date "2022.11.16"]
[WhiteClock "0:01:41"]
[BlackClock "0:01:10"]

1. e4 c6 2. d4 d5 3. Nc3 dxe4 4. Nxe4 Nf6 5. Nxf6+ exf6 6. c3 Bd6 7. Bd3 O-O 8. Qc2 Re8+ 9. Ne2 h5 10. Be3 Nd7 11. O-O-O Nf8 12. Ng3 Bg4 13. Rde1 h4 14. Nf5 h3 15. gxh3 Bxh3 16. Rhg1 Bxh2 17. Rxg7+ Kh8 18. Rxf7 Qd5 19. Qb3 Qxb3 20. axb3 Bxf5 21. Bxf5 Kg8 22. Rxb7 1-0


[Site "https://www.chess.com"]

[Event "Titled Tuesday Blitz November 15 Late 2022"]
[White "Romero Ruscalleda, Josep"]
[Black "Joubert, Dantelle"]
[WhiteFideId "2231859"]
[BlackFideId "14310813"]
[WhiteElo "2183"]
[BlackElo "1507"]
[Result "0-1"]
[Round "07"]
[TimeControl "180+1"]
[Date "2022.11.16"]
[WhiteClock "0:00:01"]
[BlackClock "0:00:04"]

1. e4 e5 2. Nf3 Nc6 3. Bc4 Bc5 4. c3 Nf6 5. b4 Be7 6. d3 O-O 7. O-O d5 8. exd5 Nxd5 9. Re1 Nb6 10. Bb3 Bf5 11. Nxe5 Nxe5 12. Rxe5 Bxd3 13. Be3 Bd6 14. Rh5 Bg6 15. Rh3 Qf6 16. Bd4 Qf5 17. Nd2 Rad8 18. a4 a5 19. bxa5 Qxa5 20. Qf3 c5 21. Be3 Qxc3 22. Re1 c4 23. Bxb6 Qxd2 24. Rd1 Qb4 25. Bxd8 cxb3 26. Qxb3 Qxb3 27. Rxb3 Rxd8 28. Rc1 Be4 29. f3 Bc6 30. a5 g6 31. a6 Ba4 32. Rxb7 Kg7 33. a7 Bc5+ 34. Kh1 Ra8 35. Ra1 Bc6 36. Rb8 Rxa7 37. Rc1 Ra5 38. Rc8 Be3 0-1


[Site "https://www.chess.com"]

[Event "Titled Tuesday Blitz November 15 Late 2022"]
[White "Rorrer, Grayson"]
[Black "Khandelwal, Ankush"]
[WhiteFideId "30944996"]
[BlackFideId "413470"]
[WhiteElo "2130"]
[BlackElo "2271"]
[Result "1-0"]
[Round "07"]
[TimeControl "180+1"]
[Date "2022.11.16"]
[WhiteClock "0:02:27"]
[BlackClock "0:00:46"]

1. e4 c5 2. Nf3 d6 3. d4 cxd4 4. Nxd4 Nf6 5. Nc3 a6 6. h3 e5 7. Nb3 Be7 8. Be3 Be6 9. Qf3 O-O 10. O-O-O b5 11. g4 b4 12. Nd5 Nxd5 13. exd5 Bc8 14. Bd3 a5 15. Kb1 Nd7 16. h4 a4 17. Nc1 Nc5 18. Bxc5 dxc5 19. d6 Bxd6 20. Qxa8 1-0


[Site "https://www.chess.com"]

[Event "Titled Tuesday Blitz November 15 Late 2022"]
[White "Rose, Felix"]
[Black "Vargas, Mauricio"]
[WhiteFideId "5105722"]
[BlackFideId "4404572"]
[WhiteElo "2039"]
[BlackElo "2025"]
[Result "1-0"]
[Round "07"]
[TimeControl "180+1"]
[Date "2022.11.16"]
[WhiteClock "0:01:28"]
[BlackClock "0:00:01"]

1. d4 d5 2. Bf4 c6 3. Nf3 Nd7 4. e3 Nb6 5. h3 Bf5 6. Bd3 e6 7. O-O Bd6 8. Bxd6 Qxd6 9. Nbd2 Nf6 10. Qe2 h5 11. e4 dxe4 12. Nxe4 Bxe4 13. Bxe4 O-O-O 14. Bd3 Qc7 15. c3 Nbd5 16. Qe5 Qe7 17. a4 Rdg8 18. a5 a6 19. Ng5 Ng4 20. hxg4 f6 21. Qxe6+ Kb8 22. Qxe7 Nxe7 23. Nf7 hxg4 24. Nxh8 Rxh8 25. g3 Nd5 26. Kg2 Nc7 27. Rh1 Rf8 28. Rae1 Kc8 29. Re7 Kd8 30. Rxg7 Ne6 31. Rxb7 Ng5 32. Rb8+ Ke7 33. Rxf8 Kxf8 34. Bxa6 1-0


[Site "https://www.chess.com"]

[Event "Titled Tuesday Blitz November 15 Late 2022"]
[White "Rustemov, Alexander"]
[Black "Guz, Ari"]
[WhiteFideId "4119002"]
[BlackFideId "2825759"]
[WhiteElo "2821"]
[BlackElo "2205"]
[Result "1-0"]
[Round "07"]
[TimeControl "180+1"]
[Date "2022.11.15"]
[WhiteClock "0:01:13"]
[BlackClock "0:00:03"]

1. d4 d5 2. c4 e6 3. Nc3 a6 4. cxd5 exd5 5. Nf3 h6 6. Bf4 Nf6 7. e3 Bd6 8. Bxd6 Qxd6 9. Qc2 O-O 10. h3 Re8 11. Bd3 c6 12. O-O Nbd7 13. Rfc1 Nf8 14. Rab1 Ne6 15. b4 Ng5 16. Ne5 Be6 17. f4 Nge4 18. Bxe4 Nxe4 19. Nxe4 dxe4 20. Qc5 Qd8 21. a4 Qh4 22. Qc2 Bd5 23. Qf2 Qe7 24. f5 Qd6 25. a5 Rxe5 26. dxe5 Qxe5 27. Rd1 Rd8 28. Rd4 Rd6 29. Rf1 Rf6 30. Qf4 Qe7 31. Qb8+ Kh7 32. Rf4 Qd7 33. Qe5 Kg8 34. Qxe4 Rd6 35. Qd3 Qe7 36. e4 Qe5 37. exd5 Rxd5 38. Rxd5 Qxf4 39. Rd8+ Kh7 40. Rd4 Qc1+ 41. Kh2 f6 42. Qg3 1-0


[Site "https://www.chess.com"]

[Event "Titled Tuesday Blitz November 15 Late 2022"]
[White "Sabuk, Piotr"]
[Black "Silva Lucena, Cristian"]
[WhiteFideId "1137565"]
[BlackFideId "2232588"]
[WhiteElo "2326"]
[BlackElo "2223"]
[Result "1-0"]
[Round "07"]
[TimeControl "180+1"]
[Date "2022.11.16"]
[WhiteClock "0:01:41"]
[BlackClock "0:00:11"]

1. d4 Nf6 2. Nf3 g6 3. Bg5 Bg7 4. Nbd2 O-O 5. e4 d5 6. Bxf6 exf6 7. exd5 Qxd5 8. Be2 Nc6 9. c3 f5 10. O-O f4 11. Re1 Bg4 12. Bc4 Qh5 13. h3 Bf5 14. Bd5 Nd8 15. Be4 c6 16. Ne5 Qxd1 17. Raxd1 Bxe5 18. dxe5 Be6 19. b3 a5 20. a4 f6 21. Bc2 f5 22. Nf3 Nf7 23. Nd4 Rfe8 24. h4 Kg7 25. Ne2 Rad8 26. Rxd8 Nxd8 27. Nxf4 Nf7 28. Nxe6+ Rxe6 29. f4 Re8 30. Rd1 Rd8 31. Kf2 Rxd1 32. Bxd1 Nd8 33. Ke3 h5 34. b4 Kf7 35. bxa5 Ke7 36. Bb3 c5 37. Bd5 Ne6 38. Bxe6 Kxe6 39. Kd3 Kd5 40. g3 c4+ 41. Kc2 Kc5 42. Kb2 Kd5 43. Ka2 Kc5 44. Ka3 Kd5 45. Kb4 1-0


[Site "https://www.chess.com"]

[Event "Titled Tuesday Blitz November 15 Late 2022"]
[White "Sanchez Enriquez, Oscar Gerardo"]
[Black "Garcia Pantoja, Roberto"]
[WhiteFideId "5106311"]
[BlackFideId "3509265"]
[WhiteElo "2375"]
[BlackElo "2524"]
[Result "0-1"]
[Round "07"]
[TimeControl "180+1"]
[Date "2022.11.16"]
[WhiteClock "0:00:14"]
[BlackClock "0:00:42"]

1. e4 c5 2. Nf3 d6 3. Bc4 Nf6 4. Qe2 Nc6 5. h3 e6 6. Bb3 Be7 7. O-O O-O 8. c3 b6 9. d4 Bb7 10. e5 Nd5 11. dxc5 dxe5 12. cxb6 Qxb6 13. Nxe5 Nxe5 14. Qxe5 Bd6 15. Qh5 a5 16. Na3 Bxa3 17. bxa3 a4 18. Bc2 f5 19. c4 Nf6 20. Qh4 Qc6 21. f3 Qc5+ 22. Kh1 Ba6 23. Bd3 Rad8 24. Be2 e5 25. Rb1 f4 26. Qf2 Qc8 27. Re1 Bxc4 28. Bxc4+ Qxc4 29. Rb4 Qd5 30. Bb2 Rfe8 31. Qe2 Qf7 32. Qc4 Nd5 33. Rxa4 Rc8 34. Qb3 Rb8 35. Qc2 Ne3 36. Qe2 Qxa2 37. Bc3 Qb3 0-1


[Site "https://www.chess.com"]

[Event "Titled Tuesday Blitz November 15 Late 2022"]
[White "Sarana, Alexey"]
[Black "Ibarra Jerez, Jose Carlos"]
[WhiteFideId "24133795"]
[BlackFideId "2226332"]
[WhiteElo "2708"]
[BlackElo "2638"]
[Result "0-1"]
[Round "07"]
[TimeControl "180+1"]
[Date "2022.11.15"]
[WhiteClock "0:00:04"]
[BlackClock "0:00:14"]

1. c4 e5 2. Nc3 Nf6 3. Nf3 e4 4. Ng5 c6 5. Qa4 Qe7 6. Qc2 b5 7. Ncxe4 Nxe4 8. Nxe4 bxc4 9. b3 d5 10. Ng3 cxb3 11. axb3 h5 12. h4 c5 13. e3 Nc6 14. Bb5 Bd7 15. Ba3 Rc8 16. Rc1 a6 17. Ba4 Ne5 18. d4 Bxa4 19. bxa4 Nc4 20. Bxc5 Qe6 21. Bxf8 Kxf8 22. O-O g6 23. Ne2 Kg7 24. Nf4 Qd6 25. Qe2 Rhe8 26. g3 Rc7 27. Qf3 Rd7 28. Qxd5 Qxd5 29. Nxd5 Nd2 30. Nc7 Rb8 31. Rfd1 Rb2 32. Kg2 Ne4 33. Rf1 Nd2 34. Nxa6 Nxf1 35. Rxf1 Re7 36. Kf3 Re6 37. Nc5 Reb6 38. Ke4 Rf6 39. f4 Ra2 40. Kd5 Ra3 41. Re1 Rb6 42. Kc4 Rb2 43. d5 Rc2+ 44. Kb5 Rac3 45. Ne4 Rb3+ 46. Ka5 Rc8 47. Nc5 Rxc5+ 48. Ka6 Ra3 49. Kb6 Rxd5 50. e4 Rd4 51. e5 Rdxa4 52. e6 Ra6+ 0-1


[Site "https://www.chess.com"]

[Event "Titled Tuesday Blitz November 15 Late 2022"]
[White "Sarkar, Justin"]
[Black "Mendonca, Mateus Nakajo"]
[WhiteFideId "2010011"]
[BlackFideId "2110954"]
[WhiteElo "2239"]
[BlackElo "2310"]
[Result "0-1"]
[Round "07"]
[TimeControl "180+1"]
[Date "2022.11.16"]
[WhiteClock "0:00:02"]
[BlackClock "0:00:31"]

1. e4 c5 2. Nf3 e6 3. d4 cxd4 4. Nxd4 Nc6 5. Nb5 d6 6. c4 Nf6 7. N1c3 a6 8. Na3 Be7 9. Be2 Qa5 10. O-O O-O 11. Nc2 Rd8 12. a3 Qc7 13. f4 b6 14. b4 Bb7 15. Bb2 Rac8 16. Rc1 Nb8 17. Qd3 Nbd7 18. Ne3 Qb8 19. g4 Qa8 20. Bf3 b5 21. cxb5 axb5 22. g5 Ne8 23. Nxb5 Ba6 24. a4 Nb6 25. Qb3 Qb8 26. h4 Nxa4 27. Nd4 Nxb2 28. Nc6 Rxc6 29. Rxc6 Bxf1 30. Kxf1 Qb5+ 0-1


[Site "https://www.chess.com"]

[Event "Titled Tuesday Blitz November 15 Late 2022"]
[White "Shimanov, Aleksandr"]
[Black "Eljanov, Pavel"]
[WhiteFideId "4198603"]
[BlackFideId "14102951"]
[WhiteElo "2605"]
[BlackElo "2601"]
[Result "0-1"]
[Round "07"]
[TimeControl "180+1"]
[Date "2022.11.15"]
[WhiteClock "0:00:02"]
[BlackClock "0:00:06"]

1. e4 e5 2. Nf3 Nc6 3. Nc3 Nf6 4. h3 d5 5. exd5 Nxd5 6. Bb5 Nxc3 7. bxc3 Bd6 8. O-O O-O 9. Re1 Re8 10. d4 exd4 11. Rxe8+ Qxe8 12. cxd4 Bd7 13. Bb2 Ne7 14. Bf1 b5 15. Qd2 Bc6 16. Ne5 Bd5 17. a4 b4 18. a5 Rb8 19. Re1 Qd8 20. Bd3 Ng6 21. a6 Qh4 22. Qe3 Rd8 23. Nf3 Qf4 24. Ne5 Qxe3 25. Rxe3 Nxe5 26. dxe5 Bc5 27. Rg3 Be6 28. Kf1 Kf8 29. f4 g6 30. Ke1 Bd4 31. Bc1 c5 32. Rf3 c4 33. Be4 h5 34. f5 gxf5 35. Bxf5 Rd5 36. Bxe6 Rxe5+ 37. Kd1 Rxe6 38. Rf4 Rd6 39. Ke2 b3 40. Ba3 Be5 41. Bxd6+ Bxd6 42. Rf1 b2 43. Kd2 Bf4+ 0-1


[Site "https://www.chess.com"]

[Event "Titled Tuesday Blitz November 15 Late 2022"]
[White "Shuvalova, Polina"]
[Black "Petrovic, Aleksa"]
[WhiteFideId "24171760"]
[BlackFideId "967629"]
[WhiteElo "2342"]
[BlackElo "2224"]
[Result "0-1"]
[Round "07"]
[TimeControl "180+1"]
[Date "2022.11.16"]
[WhiteClock "0:00:04"]
[BlackClock "0:00:04"]

1. d4 Nf6 2. Nf3 e6 3. Bf4 c5 4. e3 Qb6 5. Qc1 Nc6 6. c3 Nh5 7. Bg3 Nxg3 8. hxg3 d5 9. Bd3 g6 10. Nbd2 Bg7 11. Qc2 Bd7 12. g4 Rc8 13. Qb3 Qc7 14. Qd1 e5 15. dxe5 Bxg4 16. Qa4 Bxf3 17. Nxf3 Bxe5 18. Nxe5 Qxe5 19. O-O-O O-O 20. Qh4 Qg7 21. Be2 d4 22. Bg4 Rcd8 23. exd4 cxd4 24. cxd4 Rxd4 25. Rxd4 Nxd4 26. Kb1 h5 27. Bd7 Qe5 28. Rd1 Nf5 29. Bxf5 Qxf5+ 30. Ka1 Re8 31. a3 Qc2 32. Qd4 Re2 33. Rf1 b5 34. f4 Qe4 35. Qxa7 Qxg2 36. Rb1 h4 37. Qb8+ Kg7 38. f5 gxf5 39. Qxb5 h3 40. Qxf5 h2 41. Qh5 Qg6 42. Qh4 Rg2 43. Qd4+ f6 44. Qd7+ Kh6 45. Qh3+ Kg7 46. Ka2 Rg1 47. Qd7+ Qf7+ 48. Qxf7+ Kxf7 0-1


[Site "https://www.chess.com"]

[Event "Titled Tuesday Blitz November 15 Late 2022"]
[White "Silvestre, Christian"]
[Black "Tan, Ralph"]
[WhiteFideId "30956269"]
[BlackFideId "30966590"]
[WhiteElo "2331"]
[BlackElo "2059"]
[Result "0-1"]
[Round "07"]
[TimeControl "180+1"]
[Date "2022.11.16"]
[WhiteClock "0:00:32"]
[BlackClock "0:01:14"]

1. e4 e6 2. Nc3 d5 3. Nf3 Nf6 4. exd5 exd5 5. d4 Be7 6. Be3 O-O 7. Be2 Bf5 8. O-O c6 9. Ne5 Nbd7 10. f4 Ne4 11. Bd3 f6 12. Bxe4 dxe4 13. Nxd7 Qxd7 14. Qe2 Rae8 15. h3 Bd6 16. Rad1 a6 17. d5 c5 18. a4 Qc7 19. Qc4 Kh8 20. g4 Bd7 21. Ra1 f5 22. gxf5 Bxf5 23. Kh2 Qf7 24. Bxc5 Qh5 25. Bxd6 Qxh3+ 26. Kg1 Qg3+ 27. Kh1 Rf6 28. Be7 Rh6+ 0-1


[Site "https://www.chess.com"]

[Event "Titled Tuesday Blitz November 15 Late 2022"]
[White "Sohal, Tanraj"]
[Black "Har-Zvi, Ronen"]
[WhiteFideId "2608499"]
[BlackFideId "2801485"]
[WhiteElo "2200"]
[BlackElo "2523"]
[Result "0-1"]
[Round "07"]
[TimeControl "180+1"]
[Date "2022.11.16"]
[WhiteClock "0:00:03"]
[BlackClock "0:00:25"]

1. e4 c6 2. d4 d5 3. exd5 cxd5 4. c4 Nf6 5. Nf3 Bg4 6. Nc3 e6 7. Be2 Nc6 8. O-O dxc4 9. Bxc4 Be7 10. Be3 O-O 11. Be2 Rc8 12. h3 Bh5 13. Rc1 Nb4 14. a3 Nbd5 15. Qd2 Nxc3 16. Rxc3 Qd5 17. Rxc8 Rxc8 18. Ne5 Bxe2 19. Qxe2 h6 20. Qd2 Bd6 21. Rc1 Rd8 22. Qc2 a6 23. Nf3 Qb5 24. b4 Nd5 25. Qc4 Qe8 26. Bd2 Ne7 27. Qc2 Rc8 28. Qd3 Rxc1+ 29. Bxc1 Qc6 30. Bd2 Nd5 31. Qb1 Qc4 32. Qc1 Qxc1+ 33. Bxc1 b5 34. Kf1 f6 35. Ke2 Kf7 36. Kd3 Bf4 37. Bb2 h5 38. g3 Bd6 39. h4 Kg6 40. Ke4 Kf7 41. Ne1 g5 42. hxg5 fxg5 43. Bc1 Kg6 44. Nf3 Nf6+ 45. Kd3 g4 46. Nh4+ Kf7 47. Ng2 Nd5 48. Ke4 Nf6+ 49. Kd3 Bc7 50. Bf4 Bb6 51. Be5 Nd5 52. Nf4 Nxf4+ 53. Bxf4 a5 54. Ke4 axb4 55. axb4 Bd8 56. d5 Bb6 57. dxe6+ Kxe6 58. Be3 Bd8 59. Bc5 Bf6 60. Kf4 Bd8 61. Ke4 Bg5 62. Kd3 Kd5 63. Ke2 Ke4 64. Bd6 Bf6 65. Bc5 Bc3 66. Be7 Kd5 67. f3 Kc4 68. fxg4 hxg4 69. Ke3 Bxb4 70. Bf6 Bd6 71. Ke4 Bxg3 72. Kf5 b4 73. Kxg4 Bf2 74. Bg5 b3 75. Bc1 Kc3 76. Kf3 Kc2 77. Ba3 Bc5 0-1


[Site "https://www.chess.com"]

[Event "Titled Tuesday Blitz November 15 Late 2022"]
[White "Sokolovsky, Yahli"]
[Black "Miszler, Levente"]
[WhiteFideId "2820242"]
[BlackFideId "763276"]
[WhiteElo "2316"]
[BlackElo "2176"]
[Result "1-0"]
[Round "07"]
[TimeControl "180+1"]
[Date "2022.11.16"]
[WhiteClock "0:00:39"]
[BlackClock "0:00:17"]

1. b3 e5 2. Bb2 Nc6 3. e3 d5 4. Nf3 Bd6 5. c4 Nf6 6. cxd5 Nxd5 7. Bb5 O-O 8. Nc3 Be6 9. O-O Nxc3 10. Bxc3 e4 11. Bxc6 bxc6 12. Nd4 Bd5 13. Qg4 g6 14. Nf5 f6 15. Nh6+ Kg7 16. Qh4 Be5 17. Bxe5 fxe5 18. Qxd8 Raxd8 19. Ng4 Rfe8 20. h3 Bf7 21. Rfd1 Rd6 22. Rac1 h5 23. Nh2 Red8 24. Nf1 g5 25. Rc5 Kf6 26. Rdc1 Be8 27. Ra5 Ra8 28. Rcc5 Re6 29. Rc4 a6 30. Rxe4 c5 31. Rxc5 Rd8 32. Rxc7 Bb5 33. Ng3 Rxd2 34. Nxh5+ Kg6 35. g4 Rc6 36. Rxc6+ Bxc6 37. Rxe5 Rd1+ 38. Kh2 Rh1+ 39. Kg3 Rg1+ 40. Kh2 Rg2+ 41. Kh1 Rxg4+ 42. Kh2 Rg2+ 43. Kh1 Kxh5 44. f4 Kh4 45. e4 gxf4 46. Kxg2 1-0


[Site "https://www.chess.com"]

[Event "Titled Tuesday Blitz November 15 Late 2022"]
[White "Souleidis, Georgios"]
[Black "Hoffmann, Asa"]
[WhiteFideId "4206827"]
[BlackFideId "2001470"]
[WhiteElo "2401"]
[BlackElo "2117"]
[Result "1/2-1/2"]
[Round "07"]
[TimeControl "180+1"]
[Date "2022.11.16"]
[WhiteClock "0:00:24"]
[BlackClock "0:00:04"]

1. e4 d6 2. d4 Nf6 3. Nc3 c6 4. f4 Qa5 5. Bd3 e5 6. Nf3 exd4 7. Nxd4 Qb6 8. Nb3 a5 9. a4 Bg4 10. Qd2 Be7 11. h3 Be6 12. Qe3 Nbd7 13. Nd4 Nc5 14. O-O Nxd3 15. cxd3 Bd7 16. Qf2 O-O 17. Be3 Qc7 18. g4 Ne8 19. Qg3 f6 20. h4 Rd8 21. f5 d5 22. Qxc7 Nxc7 23. Bf4 Na6 24. exd5 Bc5 25. Be3 Nb4 26. Rad1 cxd5 27. Bf2 Rfe8 28. Ndb5 Bxf2+ 29. Kxf2 Bc6 30. Nd4 Re7 31. Ne6 Rd6 32. d4 Bd7 33. Nf4 Bc6 34. h5 Kf7 35. Rfe1 Rxe1 36. Kxe1 Rd7 37. Kd2 Re7 38. Rg1 h6 39. Rg3 Re8 40. Ne6 Bd7 41. Nc5 Bc6 42. Nd3 b6 43. Nf4 Rd8 44. Re3 Re8 45. Rg3 Re7 46. Ne6 Bd7 47. Nf4 Bc6 48. Re3 Rxe3 49. Kxe3 Ke7 50. Ne6 Bd7 51. Nxg7 Kd6 52. Ne2 Bxa4 53. Nf4 Bd7 54. Nfe6 Bxe6 55. fxe6 Ke7 56. Nf5+ Kxe6 57. Nxh6 b5 58. Kd2 Nc6 59. Nf5 b4 60. Kd3 a4 61. Kc2 Ne7 62. Ne3 Ng8 63. Kd3 Nh6 64. Ke2 a3 65. bxa3 bxa3 66. Kd3 a2 67. Nc2 Nxg4 68. Kc3 Kf5 69. Kb2 Kg5 70. Kxa2 Kxh5 71. Nb4 Ne3 72. Kb3 f5 73. Kc3 f4 74. Kd3 Kg4 75. Ke2 Nf5 76. Nxd5 Nxd4+ 77. Kf2 Nf5 78. Nxf4 1/2-1/2


[Site "https://www.chess.com"]

[Event "Titled Tuesday Blitz November 15 Late 2022"]
[White "Sreyas Payyappat"]
[Black "Baltaci, Ismail Tarik"]
[WhiteFideId "46674969"]
[BlackFideId "6365213"]
[WhiteElo "2083"]
[BlackElo "2343"]
[Result "1-0"]
[Round "07"]
[TimeControl "180+1"]
[Date "2022.11.16"]
[WhiteClock "0:02:30"]
[BlackClock "0:02:30"]

1. e4 c5 2. Nf3 g6 3. d4 cxd4 4. Nxd4 Nc6 5. Be3 Nf6 6. Nc3 d6 7. f4 Bg7 8. Nxc6 bxc6 9. Be2 O-O 10. O-O Rb8 11. Bxa7 Rxb2 12. Bd4 c5 13. Be3 Qa5 14. Bd2 Qa7 15. Nb5 c4+ 16. Nxa7 1-0


[Site "https://www.chess.com"]

[Event "Titled Tuesday Blitz November 15 Late 2022"]
[White "Svane, Frederik"]
[Black "Martinez Alcantara, Jose Eduardo"]
[WhiteFideId "12923044"]
[BlackFideId "3805662"]
[WhiteElo "2466"]
[BlackElo "2705"]
[Result "1-0"]
[Round "07"]
[TimeControl "180+1"]
[Date "2022.11.15"]
[WhiteClock "0:00:10"]
[BlackClock "0:00:01"]

1. e4 c5 2. Nf3 d6 3. d4 cxd4 4. Nxd4 Nf6 5. Nc3 Nc6 6. Bg5 e6 7. Qd2 a6 8. O-O-O Bd7 9. f4 Be7 10. Kb1 b5 11. Bxf6 gxf6 12. f5 Qb6 13. fxe6 fxe6 14. Nxc6 Qxc6 15. Bd3 O-O-O 16. Ne2 Qc5 17. Rhf1 Rhe8 18. Qh6 Rh8 19. Nf4 Qg5 20. Qh3 e5 21. Ne6 Qg8 22. Bxb5 Bxe6 23. Bxa6+ Kb8 24. Qe3 Rd7 25. Qb6+ Ka8 26. Bb5 Rb7 27. Bc6 Qc8 28. Rf3 Kb8 29. Bxb7 Qxb7 30. Rxd6 Bc8 31. Qc5 Rd8 32. Rfd3 Rxd6 33. Rxd6 Qc7 34. Qxc7+ Kxc7 35. Rd2 Bb7 36. Re2 h5 37. c3 Ba6 38. c4 Bc5 39. b3 Bd4 40. Kc2 Kd6 41. Kd3 Ke6 42. b4 Bb7 43. a4 f5 44. a5 Bg1 45. h3 fxe4+ 46. Rxe4 Kf5 47. Re1 Ba7 48. Rf1+ Ke6 49. g4 e4+ 50. Ke2 h4 51. b5 Bd4 52. Rf5 Bc8 53. c5 Ke7 54. c6 Bxf5 55. gxf5 Kd6 56. f6 Bxf6 57. Ke3 Bc3 58. a6 Ba5 59. Kxe4 Kc5 60. a7 Kxb5 61. a8=Q Bb6 62. Qb7 Kc5 63. c7 Bxc7 64. Qxc7+ Kb4 65. Kd4 Kb3 66. Qc3+ Ka2 67. Qb4 Ka1 68. Kc3 Ka2 69. Qb2# 1-0


[Site "https://www.chess.com"]

[Event "Titled Tuesday Blitz November 15 Late 2022"]
[White "Swiercz, Dariusz"]
[Black "Naroditsky, Daniel"]
[WhiteFideId "1126881"]
[BlackFideId "2026961"]
[WhiteElo "2627"]
[BlackElo "2628"]
[Result "1-0"]
[Round "07"]
[TimeControl "180+1"]
[Date "2022.11.15"]
[WhiteClock "0:00:27"]
[BlackClock "0:01:11"]

1. e4 c6 2. d4 d5 3. e5 c5 4. Nf3 cxd4 5. Nxd4 Nc6 6. Nxc6 bxc6 7. Bd3 g6 8. O-O Bg7 9. Re1 Nh6 10. h3 Nf5 11. Nd2 O-O 12. Nf3 e6 13. Bg5 f6 14. exf6 Bxf6 15. Bxf6 Qxf6 16. Bxf5 Qxf5 17. Qd2 c5 18. Re5 Qf4 19. Rae1 Qxd2 20. Nxd2 Bd7 21. c4 Rf5 22. Rxf5 gxf5 23. Re5 dxc4 24. Rxc5 Rb8 25. Nxc4 Bb5 26. Ne5 Kf8 27. Rc7 Be8 28. b3 Rb5 29. f4 Ra5 30. a4 h5 31. Kf2 Ra6 32. Kg3 Rb6 33. Rxa7 Rxb3+ 34. Kh4 Ra3 35. a5 Ra2 36. Kg5 Bb5 37. Kf6 Ke8 38. Ra8# 1-0


[Site "https://www.chess.com"]

[Event "Titled Tuesday Blitz November 15 Late 2022"]
[White "Szente Varga, Fruzsina"]
[Black "Manukyan, Sargis A."]
[WhiteFideId "712264"]
[BlackFideId "13303970"]
[WhiteElo "1994"]
[BlackElo "2187"]
[Result "0-1"]
[Round "07"]
[TimeControl "180+1"]
[Date "2022.11.16"]
[WhiteClock "0:00:20"]
[BlackClock "0:00:46"]

1. e4 e6 2. d4 d5 3. Nd2 Nc6 4. c3 e5 5. dxe5 dxe4 6. Nxe4 Qxd1+ 7. Kxd1 Nxe5 8. Bf4 Ng4 9. Bg3 Bf5 10. Bd3 O-O-O 11. Nd6+ Rxd6 12. Bxd6 Bxd3 13. Bxf8 Nxf2+ 14. Ke1 Ne7 15. Bxe7 Nxh1 16. Nh3 Re8 17. Kd2 Ba6 18. Bh4 Re2+ 19. Kd1 Rxg2 20. Be1 Rxh2 21. Ng5 f6 22. Ne6 g5 23. Rc1 Be2+ 24. Kd2 Bc4+ 25. Ke3 Bxe6 0-1


[Site "https://www.chess.com"]

[Event "Titled Tuesday Blitz November 15 Late 2022"]
[White "Szyszylo, Rafal"]
[Black "Paiva, Henrique M A Albergaria"]
[WhiteFideId "1109626"]
[BlackFideId "1920995"]
[WhiteElo "1981"]
[BlackElo "1953"]
[Result "0-1"]
[Round "07"]
[TimeControl "180+1"]
[Date "2022.11.16"]
[WhiteClock "0:00:15"]
[BlackClock "0:01:04"]

1. e4 c5 2. Nf3 d6 3. d4 cxd4 4. Nxd4 Nf6 5. Nc3 a6 6. Bc4 e6 7. Bb3 Nbd7 8. O-O Nc5 9. Re1 Qc7 10. f4 b5 11. e5 dxe5 12. fxe5 Nfd7 13. Kh1 Bb7 14. Bf4 b4 15. Na4 Nxb3 16. cxb3 Bd5 17. Rc1 Qb7 18. Re2 g5 19. Bxg5 Rg8 20. Qd2 h6 21. Bf6 Nxf6 22. exf6 Rg6 23. Nf3 Rd8 24. Qe3 h5 25. Nc5 Bxc5 26. Rxc5 Bxf3 27. gxf3 Rd1+ 28. Re1 Qxf3+ 29. Qxf3 Rxe1+ 30. Qf1 Rxf1# 0-1


[Site "https://www.chess.com"]